 Dungeon Crawl Stone Soup version 0.23-a0-890-gc183402 (webtiles) character file.

Game seed: 8599563810660522076

49 tidbits the Insei (level 3, -2/35 HPs)
             Began as a Gnoll Monk on Jan 28, 2019.
             Slain by a gnoll
             ... wielding a +0 spear
              (9 damage)
             ... on level 3 of the Dungeon.
             The game lasted 00:03:29 (338 turns).

tidbits the Insei (Gnoll Monk)                       Turns: 338, Time: 00:03:30

Health: -2/35      AC:  3    Str: 13    XL:     3   Next: 77%
Magic:  3/4        EV: 16    Int: 13    God:
Gold:   31         SH:  0    Dex: 17    Spells: 2/3 levels left

rFire    . . .     SeeInvis .     - Unarmed
rCold    . . .     Gourm    .   (no shield)
rNeg     . . .     Faith    .   a - +0 robe
rPois    .         Spirit   .   (no helmet)
rElec    .         Reflect  .   (no cloak)
rCorr    .         Harm     .   G - +0 pair of gloves
MR       .....                  (no boots)
Stlth    +++.......             (no amulet)
HPRegen  0.11/turn              (no ring)
MPRegen  0.09/turn              (no ring)

@: very slightly contaminated
A: distributed training, fangs 1, strong nose
a: no special abilities


You were on level 3 of the Dungeon.
You were not hungry.

You visited 1 branch of the dungeon, and saw 3 of its levels.

You collected 31 gold pieces.

Inventory:

Hand Weapons
 f - a +0 hunting sling
 j - a +0 long sword
 l - a +0 dagger
Missiles
 d - 16 bolts
 h - 7 poisoned needles
Armour
 a - a +0 robe (worn)
 G - a +0 pair of gloves (worn)
Scrolls
 c - 3 scrolls of identify {unknown}
 e - 2 scrolls of remove curse {unknown}
 g - a scroll of noise {unknown}
Potions
 i - a potion of curing {unknown}
Comestibles
 b - 4 rations


   Skills:
 + Level 6.5 Fighting
 + Level 0.9 Short Blades
 + Level 0.9 Long Blades
 + Level 0.9 Axes
 + Level 0.9 Maces & Flails
 + Level 0.9 Polearms
 + Level 0.9 Staves
 + Level 0.9 Slings
 + Level 0.9 Bows
 + Level 0.9 Crossbows
 + Level 0.9 Throwing
 + Level 0.9 Armour
 + Level 6.5 Dodging
 + Level 4.2 Stealth
 + Level 0.9 Shields
 + Level 6.5 Unarmed Combat
 + Level 0.9 Spellcasting
 + Level 0.6 Conjurations
 + Level 0.6 Hexes
 + Level 0.6 Charms
 + Level 0.6 Summonings
 + Level 0.6 Necromancy
 + Level 0.6 Translocations
 + Level 0.6 Transmutations
 + Level 0.6 Fire Magic
 + Level 0.6 Ice Magic
 + Level 0.6 Air Magic
 + Level 0.6 Earth Magic
 + Level 0.6 Poison Magic
 + Level 1.0 Invocations
 + Level 0.9 Evocations


You had 2 spell levels left.
You knew the following spells:

 Your Spells              Type           Power        Failure   Level  Hunger
e - Beastly Appendage     Tmut           #.....       22%         1    ##.....

Your spell library contained the following spells:

 Spells                   Type           Power        Failure   Level  Hunger
 Sticks to Snakes         Tmut           #.......     32%         2    ###....
 Spider Form              Tmut/Pois      #.........   54%         3    ####...
 Ice Form                 Ice/Tmut       #.......     91%         4    #####..
 Blade Hands              Tmut           #.........   99%         5    ######.


Dungeon Overview and Level Annotations

Branches:
Dungeon (3/15)

Altars:


Innate Abilities, Weirdness & Mutations

Your experience applies equally to all skills.
You have very sharp teeth.
Your uncanny sense of smell can sniff out nearby items.


Message History

Aim: a worm You throw a tomahawk.
The tomahawk hits the worm.
The worm is lightly wounded.
Throwing (i - inventory)
k - 2 tomahawks (quivered)
Press: ? - help, Shift-Dir - straight line, f/p - worm
Aim: a worm (lightly wounded)
You throw a tomahawk. The tomahawk barely misses the worm.
Throwing (i - inventory)
k - a tomahawk (quivered)
Press: ? - help, Shift-Dir - straight line, f/p - worm
Aim: a worm (lightly wounded)
You throw a tomahawk. The tomahawk hits the worm.
The worm is moderately wounded.
Unknown command.
Unknown command.
You punch the worm! You bite the worm.
The worm is almost dead.
The worm bites you!
You punch the worm!
You kill the worm!
You see here a tomahawk.
k - a tomahawk You see here 2 tomahawks.
k - 3 tomahawks (gained 2)
You see here a tomahawk.
k - 4 tomahawks (gained 1)
You see here a book of Changes.
You pick up a book of Changes and begin reading...
You add the spells Beastly Appendage, Sticks to Snakes, Spider Form, Ice Form and Blade Hands to your library.
Memorise Beastly Appendage, consuming 1 spell level and leaving 2?
You start memorising the spell.
You continue memorising.
You finish memorising.
Spell assigned to 'e'.
Found 9 gold pieces.
Unknown command.
A quokka comes into view.
Unknown command.
Casting: Beastly Appendage (safe; 22% risk of failure)
Confirm with . or Enter, or press ? or * to list all spells.
Your feet morph into talons.
Your transformation is almost over.
The quokka misses you.
You closely miss the quokka. Your kick misses the quokka.
The quokka closely misses you.
You hit the quokka.
You kill the quokka!
A gnoll comes into view. It is wielding a +0 spear.
Unknown command.
Throwing (i - inventory)
k - 4 tomahawks (quivered)
Press: ? - help, Shift-Dir - straight line, f - gnoll
Aim: a gnoll, wielding a +0 spear (hasn't noticed you)
You throw a tomahawk. The tomahawk closely misses the gnoll.
The gnoll shouts!
You hear a shout! x2
Throwing (i - inventory)
k - 3 tomahawks (quivered)
Press: ? - help, Shift-Dir - straight line, f/p - gnoll
Aim: a gnoll, wielding a +0 spear You throw a tomahawk.
The tomahawk closely misses the gnoll.
A gnoll comes into view. It is wielding a +0 spear.
Throwing (i - inventory)
k - 2 tomahawks (quivered)
Press: ? - help, Shift-Dir - straight line, f - gnoll, p - gnoll
Aim: a gnoll, wielding a +0 spear You throw a tomahawk.
The tomahawk hits the gnoll but does no damage.
Your talons disappear.
Unknown command.
Throwing (i - inventory)
k - a tomahawk (quivered)
Press: ? - help, Shift-Dir - straight line, f/p - gnoll
Aim: a gnoll, wielding a +0 spear You throw a tomahawk.
The tomahawk closely misses the gnoll.
The tomahawk hits the gnoll.
The gnoll is lightly wounded.
A goblin comes into view.
A gnoll comes into view. It is wielding a +0 spear.
Casting: Beastly Appendage (safe; 22% risk of failure)
Confirm with . or Enter, or press ? or * to list all spells.
You miscast Beastly Appendage.
You are very lightly contaminated with residual magic.
Strange energies run through your body. The gnoll barely misses you.
The gnoll hits you with a +0 spear. The gnoll closely misses you.
Unknown command.
You barely miss the gnoll. The gnoll hits you with a +0 spear.
The gnoll barely misses you.
You hit the gnoll. Your bite misses the gnoll.
The gnoll is lightly wounded.
The gnoll hits you with a +0 spear.
You hit the gnoll.
The gnoll is heavily wounded.
The gnoll closely misses you. The gnoll barely misses you.
You barely miss the gnoll.
The gnoll is heavily wounded.
The gnoll hits you from afar with a +0 spear.
The gnoll hits you with a +0 spear.
* * * LOW HITPOINT WARNING * * *
You closely miss the gnoll. You bite the gnoll, but do no damage.
The gnoll is heavily wounded.
The gnoll hits you from afar with a +0 spear.
* * * LOW HITPOINT WARNING * * *
The gnoll misses you.
You hit the gnoll. You punch the gnoll, but do no damage.
The gnoll is severely wounded.
The gnoll misses you. The gnoll hits you with a +0 spear!
You die...

.g .g (# g# .#
.# .
#########g##....
#.....@ggg.'....
#.##########....
#.# . #.# #.#
#.# #.# #.####
#....##


You could see 3 gnolls and a goblin.

Vanquished Creatures
  Natasha (D:3)
  An ooze (D:1)
  A worm (D:3)
  A dart slug (D:1)
  A leopard gecko (D:2)
  A bat (D:2)
  A goblin (D:2)
  A hobgoblin (D:2)
  2 quokkas
  A ball python (D:3)
  2 frilled lizards
  3 rats
16 creatures vanquished.

Notes
Turn   | Place    | Note
-------+----------+-------------------------------------------
     0 | D:1      | tidbits the Gnoll Monk began the quest for the Orb.
     0 | D:1      | Reached XP level 1. HP: 23/23 MP: 1/1
    74 | D:1      | Reached XP level 2. HP: 24/29 MP: 2/2
   230 | D:3      | Noticed Natasha
   239 | D:3      | Noticed a crimson imp
   240 | D:3      | Killed Natasha
   240 | D:3      | Reached skill level 1 in Invocations
   240 | D:3      | Reached XP level 3. HP: 35/35 MP: 2/4
   274 | D:3      | Learned a level 1 spell: Beastly Appendage
   337 | D:3      | HP: 7/35 [gnoll/+0 spear (6)]
   338 | D:3      | Slain by a gnoll

Vault maps used:
D:1:      evilmike_arrival_crescent
D:2:      lemuel_round_altar, old_standard_altar, kennysheep_generic_room_11
D:3:      first_ration, minmay_misc_feat_x, uniq_natasha

Skill      XL: |  1  2 |
---------------+-------+-----
Invocations    | 1 |  1.0
Fighting       | |  6.5
Short Blades   | |  0.9
Long Blades    | |  0.9
Axes           | |  0.9
Maces & Flails | |  0.9
Polearms       | |  0.9
Staves         | |  0.9
Slings         | |  0.9
Bows           | |  0.9
Crossbows      | |  0.9
Throwing       | |  0.9
Armour         | |  0.9
Dodging        | |  6.5
Stealth        | |  4.2
Shields        | |  0.9
Unarmed Combat | |  6.5
Spellcasting   | |  0.9
Conjurations   | |  0.6
Hexes          | |  0.6
Charms         | |  0.6
Summonings     | |  0.6
Necromancy     | |  0.6
Translocations | |  0.6
Transmutations | |  0.6
Fire Magic     | |  0.6
Ice Magic      | |  0.6
Air Magic      | |  0.6
Earth Magic    | |  0.6
Poison Magic   | |  0.6
Evocations     | |  0.9

Action                   || total
-------------------------++-------
Melee: Unarmed           ||    38
       Bite              ||     5
       Dagger            ||     1
       Punch             ||     1
Throw: Tomahawk          ||    11
 Cast: Beastly Appendage ||     1
 Stab: Sleeping          ||     2
Armor: Robe              ||     4
Dodge: Dodged            ||    20

Table legend:
 A = Non-vault XP
 B = Vault XP
 C = Vault XP percentage of total XP
 D = Non-vault monster count
 E = Vault monster count
 F = Vault count percentage of total count
                 A         B        C        D         E       F
            +---------+---------+-------+---------+---------+-------
      Total |      35 |      36 |  50.7 |      15 |       1 |   6.2
            +---------+---------+-------+---------+---------+-------
        D:1 |      14 |       0 |   0.0 |       5 |       0 |   0.0
        D:2 |      12 |       0 |   0.0 |       6 |       0 |   0.0
        D:3 |       9 |      36 |  80.0 |       4 |       1 |  20.0
            +---------+---------+-------+---------+---------+-------

Table legend:
 A = Turns spent in this place as a percentage of turns spent in the entire game.
 B = Non-inter-level travel turns spent in this place as a percentage of non-inter-level travel turns spent in the entire game.
 C = Inter-level travel turns spent in this place as a percentage of turns spent in this place.
 D = Turns resting spent in this place as a percentage of non-inter-level travel turns spent in this place.
 E = Turns spent auto-exploring this place as a percentage of non-inter-level travel turns spent in this place.
 F = Non-inter-level travel turns spent in this place divided by the number of levels of this place that you've seen.
                   A       B       C       D       E      F
               +-------+-------+-------+-------+-------+----------------------
         Total | 100.0 | 100.0 |   0.0 |   0.0 |   0.0 | 112.7
       Dungeon | 100.0 | 100.0 |   0.0 |   0.0 |   0.0 | 112.7
               +-------+-------+-------+-------+-------+----------------------

Table legend:
 A = Kills in this place as a percentage of kills in entire the game.
 B = Kills by you in this place as a percentage of kills by you in the entire game.
 C = Kills by friends in this place as a percentage of kills by friends in the entire game.
 D = Other kills in this place as a percentage of other kills in the entire game.
 E = Experience gained in this place as a percentage of experience gained in the entire game.
 F = Experience gained in this place divided by the number of levels of this place that you have seen.
                   A       B       C       D       E      F
               +-------+-------+-------+-------+-------+----------------------
         Total | 100.0 | 100.0 |   N/A |   N/A | 100.0 |  23.7
       Dungeon | 100.0 | 100.0 |   N/A |   N/A | 100.0 |  23.7
               +-------+-------+-------+-------+-------+----------------------

Vault maps used:
D:1:      evilmike_arrival_crescent
D:2:      lemuel_round_altar, old_standard_altar, kennysheep_generic_room_11
D:3:      first_ration, minmay_misc_feat_x, uniq_natasha
